 Dungeon Crawl Stone Soup version 0.21.0-26-g889b8f6 (webtiles) character file.

5225 nikopol the Cleaver (level 10, -4/63 HPs)
             Began as a Gargoyle Fighter on Jan 27, 2018.
             Was an Elder of Okawaru.
             Slain by a two-headed ogre
             ... wielding a +0 giant spiked club
              (16 damage)
             ... on level 8 of the Dungeon.
             The game lasted 00:29:21 (9591 turns).

nikopol the Cleaver (Gargoyle Fighter)              Turns: 9591, Time: 00:29:21

Health: -4/63      AC: 18    Str: 23    XL:     10   Next: 61%
Magic:  10/10      EV: 10    Int:  8    God:    Okawaru [****..]
Gold:   495        SH: 12    Dex: 10    Spells: 9/9 levels left

rFire    . . .     SeeInvis +   a - +0 war axe
rCold    . . .     Gourm    .   c - +1 shield
rNeg     + . .     Faith    .   b - +0 scale mail
rPois    ∞         Spirit   .   D - +0 helmet
rElec    +         Reflect  .   (no cloak)
rCorr    .         Harm     .   (no gloves)
MR       +....                  o - +1 pair of boots
Stlth    ..........             v - amulet of magic regeneration
HPRegen  0.20/turn              i - ring of protection from magic
MPRegen  0.37/turn              y - ring of see invisible

@: no status effects
A: negative energy resistance 1, electricity resistance, unbreathing,
petrification resistance, rot immunity, AC +7
a: Heroism, Renounce Religion


You were on level 8 of the Dungeon.
You worshipped Okawaru.
Okawaru was greatly pleased with you.
You were not hungry.

You visited 2 branches of the dungeon, and saw 9 of its levels.

You collected 495 gold pieces.

Inventory:

Hand Weapons
 a - a +0 war axe (weapon)
Missiles
 l - a throwing net
 p - 254 stones (quivered)
 E - 5 tomahawks
Armour
 b - a +0 scale mail (worn)
 c - a +1 shield (worn)
 o - a +1 pair of boots (worn)
 D - a +0 helmet (worn)
Jewellery
 i - a ring of protection from magic (left hand)
 v - an amulet of magic regeneration (around neck)
 y - a ring of see invisible (right hand)
Wands
 h - a wand of digging (13)
 w - a wand of acid (30)
 H - a wand of flame (24)
Scrolls
 g - a scroll of amnesia {unknown}
 m - 3 scrolls of remove curse
 n - 6 scrolls of teleportation
 q - 2 scrolls of magic mapping
 r - 2 scrolls of fear {unknown}
 u - a scroll of enchant weapon {unknown}
 G - a scroll of enchant armour
Potions
 d - a potion of might
 e - a potion of heal wounds
 j - a potion of berserk rage
 k - 4 potions of flight
 s - 3 potions of curing
 t - a potion of degeneration {unknown}
 x - a potion of lignification {unknown}
 z - 2 potions of agility
 A - a potion of invisibility {unknown}
 B - a potion of brilliance {unknown}
 C - a potion of ambrosia {unknown}
 F - a potion of mutation {unknown}
Comestibles
 f - 15 rations
 I - 5 chunks of flesh


   Skills:
 + Level 7.3 Fighting
 + Level 9.1 Axes
 + Level 0.8 Throwing
 + Level 7.5 Armour
 + Level 3.7 Dodging
 + Level 1.2 Stealth
 + Level 8.0 Shields
 + Level 0.2 Invocations


You had 9 spell levels left.
You didn't know any spells.

Dungeon Overview and Level Annotations

Branches:
Dungeon (8/15)             Temple (1/1) D:4            Lair (0/6) D:8

Altars:
Fedhas
Nemelex Xobeh
Okawaru
Qazlal
Yredelemnul
Zin

Annotations:
D:4 halftheisland's ghost, amateur TrBe


Innate Abilities, Weirdness & Mutations

You are resistant to torment.
Your stone body is resilient. (AC +7)
You are immune to poison.
You resist negative energy. (rN+)
You are resistant to electric shocks. (rElec)
You can survive without breathing.
You are immune to petrification.
You are immune to rotting.


Message History

You slash the two-headed ogre!
The two-headed ogre is severely wounded.
You slash the orc!
You kill the orc!
Okawaru accepts your kill. The two-headed ogre closely misses you.
The two-headed ogre barely misses you.
You hit the two-headed ogre.
The two-headed ogre is severely wounded.
You block the two-headed ogre's attack. The two-headed ogre closely misses you.
You slash the two-headed ogre!
The two-headed ogre is almost dead.
The two-headed ogre hits you with a giant spiked club!!
* * * LOW HITPOINT WARNING * * *
You block the two-headed ogre's attack.
You barely miss the two-headed ogre.
The two-headed ogre is almost dead.
You slash the two-headed ogre!
The two-headed ogre is almost dead.
The two-headed ogre hits you with a giant spiked club!
You die...

#. #.#######.
#........
###......#
........#
#......#
#...)..##.#
#..@O......
#.#.#####..
#.#.# #....
#.#.# #....
######## #.#.#
#.... ......#
#.#.. .....
###.##.####)###
###...
#...).).....#
.....
#.#.##.######
#...


You could see a two-headed ogre.

Vanquished Creatures
  A death yak (D:8)
  The ghost of
  1994 the Gusty, a novice TeAE of Qazlal (D:7)
  Pikel (D:5)
  A hippogriff (D:8)
  Sigmund (D:4)
  3 yaks
  A hungry ghost (D:6)
  3 hogs (D:7)
  A human (D:7)
  2 water moccasins
  An orc warrior (D:6)
  A necrophage (D:5)
  A phantom (D:7)
  2 ogres
  A centaur (D:3)
  2 bullfrogs
  2 scorpions
  3 wights (D:7)
  3 crimson imps
  A bullfrog zombie (D:6)
  4 hounds
  A jelly (D:5)
  8 orc wizards
  A centaur skeleton (D:4)
  5 orc priests
  A bullfrog skeleton (D:4)
  Natasha (thrice) (D:2)
  4 worker ants
  2 worker ant zombies
  18 adders
  2 shadow imps
  2 oozes
  2 adder skeletons
  An adder zombie (D:5)
  5 worms
  3 dart slugs
  8 leopard geckos
  24 orcs
  2 giant cockroaches
  7 goblins
  7 hobgoblins
  10 jackals
  3 quokkas
  A ball python (D:2)
  A ball python skeleton (D:5)
  4 bats
  5 frilled lizards
  A jackal skeleton (D:6)
  6 kobolds
  A leopard gecko skeleton (D:4)
  2 quokka zombies
  4 rats
  2 toadstools (D:1)
182 creatures vanquished.

Vanquished Creatures (others)
  Ijyb (D:5)
  2 toadstools (D:1)
3 creatures vanquished.

Grand Total: 185 creatures vanquished

Notes
Turn   | Place    | Note
-------+----------+-------------------------------------------
     0 | D:1      | nikopol the Gargoyle Fighter began the quest for the Orb.
     0 | D:1      | Reached XP level 1. HP: 14/14 MP: 1/1
   128 | D:1      | Reached XP level 2. HP: 13/19 MP: 2/2
   390 | D:1      | Reached skill level 2 in Axes
   594 | D:1      | Reached XP level 3. HP: 23/23 MP: 3/3
   996 | D:2      | Noticed Natasha
  1009 | D:2      | Killed Natasha
  1009 | D:2      | Reached skill level 1 in Dodging
  1009 | D:2      | Reached XP level 4. HP: 19/29 MP: 4/4
  1162 | D:2      | Noticed Natasha
  1188 | D:2      | Killed Natasha
  1188 | D:2      | Reached XP level 5. HP: 22/33 MP: 5/5
  1312 | D:2      | Noticed Natasha
  1322 | D:2      | Killed Natasha
  2108 | D:3      | Reached skill level 3 in Axes
  2196 | D:3      | Reached XP level 6. HP: 37/38 MP: 6/6
  2370 | D:3      | Found a stormy altar of Qazlal.
  2371 | D:3      | Found a blossoming altar of Fedhas.
  2675 | D:3      | Reached skill level 5 in Armour
  2962 | D:3      | Reached XP level 7. HP: 39/44 MP: 7/7
  2964 | D:3      | Reached skill level 4 in Axes
  3166 | D:4      | Noticed Sigmund
  3174 | D:4      | Killed Sigmund
  3197 | D:4      | Found a staircase to the Ecumenical Temple.
  3208 | Temple   | Entered the Ecumenical Temple
  3246 | Temple   | Became a worshipper of Warmaster Okawaru
  3285 | D:4      | Noticed halftheisland's ghost (amateur TrBe)
  3738 | D:4      | HP: 2/44 [halftheisland's ghost (25)]
  5063 | D:5      | Entered Level 5 of the Dungeon
  5184 | D:5      | Reached skill level 5 in Shields
  5509 | D:5      | Reached skill level 5 in Axes
  5509 | D:5      | Reached XP level 8. HP: 39/48 MP: 8/8
  5526 | D:5      | Noticed Pikel
  5542 | D:5      | Killed Pikel
  5542 | D:5      | Reached * piety under Okawaru
  5542 | D:5      | Reached skill level 5 in Fighting
  5542 | D:5      | Reached skill level 6 in Axes
  5649 | D:4      | You fall through a shaft for 2 floors!
  5838 | D:5      | Killed Ijyb
  5900 | D:5      | Reached ** piety under Okawaru
  6063 | D:5      | Reached XP level 9. HP: 44/54 MP: 9/9
  6797 | D:6      | Reached skill level 7 in Axes
  7912 | D:7      | Reached skill level 1 in Stealth
  8308 | D:7      | Noticed 1994's ghost (novice TeAE)
  8346 | D:7      | Killed 1994's ghost
  8346 | D:7      | Reached *** piety under Okawaru
  8346 | D:7      | Reached skill level 8 in Axes
  8508 | D:7      | Reached XP level 10. HP: 49/61 MP: 8/10
  8896 | D:8      | Found a staircase to the Lair.
  9361 | D:8      | Reached **** piety under Okawaru
  9399 | D:8      | Noticed a death yak
  9455 | D:8      | Killed a death yak
  9455 | D:8      | Received a gift from Okawaru
  9456 | D:8      | Reached skill level 9 in Axes
  9572 | D:8      | Noticed a two-headed ogre
  9591 | D:8      | Slain by a two-headed ogre

Skill      XL: |  1  2  3  4  5  6  7  8  9 10 |
---------------+-------------------------------+-----
Axes           | 2 3 5 6 8 9 |  9.1
Armour         | 4 5 6 7 |  7.5
Dodging        | 1 2 3 |  3.7
Shields        | 4 5 6 7 8 |  8.0
Fighting       | 4 5 6 7 |  7.3
Stealth        | 1 |  1.2
Throwing       | |  0.8
Invocations    | |  0.2

Action                   |  1- 3 |  4- 6 |  7- 9 | 10-12 || total
-------------------------+-------+-------+-------+-------++-------
Melee: War axe           |    95 |   199 |   458 |   122 ||   874
Throw: Stone             |       |     2 |     6 |       ||     8
Invok: Heroism           |       |       |     2 |     2 ||     4
  Use: Scroll            |       |       |    10 |       ||    10
       Potion            |       |       |     1 |       ||     1
  Eat: Chunk             |       |     6 |    13 |     5 ||    24
       Ration            |       |       |     3 |       ||     3
Armor: Scale mail        |    67 |   118 |   201 |    50 ||   436
Dodge: Dodged            |    35 |    62 |   123 |    40 ||   260
Block: Shield            |    57 |   109 |   252 |    57 ||   475
